 Dungeon Crawl Stone Soup version 0.21.0-3-g78d12a8 (webtiles) character file.

806 roguesci the Changer (level 7, -2/61 HPs)
             Began as a Naga Transmuter on Jan 17, 2018.
             Slain by a killer bee (4 damage)
             ... on level 4 of the Dungeon.
             The game lasted 00:17:28 (4909 turns).

roguesci the Changer (Naga Transmuter)              Turns: 4909, Time: 00:17:29

Health: -2/61      AC:  3    Str: 10 (12) XL:     7   Next: 91%
Magic:  13/13      EV: 11    Int: 18 (20) God:
Gold:   143        SH:  0    Dex: 10 (12) Spells: 7/14 levels left

rFire    . . .     SeeInvis +   t - +0 whip (flame)
rCold    . . .     Gourm    .   (no shield)
rNeg     . . .     Faith    .   b - +0 robe
rPois    +         Spirit   .   (no helmet)
rElec    .         Reflect  .   (no cloak)
rCorr    .         Harm     .   (no gloves)
MR       .....                  (no barding)
Stlth    ++........             (no amulet)
HPRegen  0.20/turn              u - ring of wizardry
MPRegen  0.13/turn              (no ring)

@: brilliant, lethally poisoned (-2 -> -17), very slow
A: large, see invisible, deformed body, poison resistance, slowness 2, slow
metabolism 1, spit poison 1, AC +2
a: Spit Poison


You were on level 4 of the Dungeon.
You were hungry.

You visited 1 branch of the dungeon, and saw 4 of its levels.

You collected 213 gold pieces.
You spent 70 gold pieces at shops.

Inventory:

Hand Weapons
 n - a +3 dagger
 t - a +0 whip of flaming (weapon)
Missiles
 a - 12 arrows
 f - 184 stones (quivered)
Armour
 b - a +0 robe (worn)
 x - a +0 buckler
Jewellery
 u - a ring of wizardry (left hand)
 w - an uncursed ring of ice
Scrolls
 e - a scroll of enchant weapon {unknown}
 g - 3 scrolls of teleportation {unknown}
 h - 2 scrolls of fear {unknown}
 i - 3 scrolls of immolation
 j - a scroll of fog {unknown}
 k - 4 scrolls of remove curse {unknown}
 l - a scroll of blinking {unknown}
 o - 3 scrolls of identify
 p - a scroll of amnesia {unknown}
 r - a scroll of magic mapping {unknown}
Books
 c - a book of Changes

   Spells                             Type                      Level
   a - Beastly Appendage              Transmutation                1
   b - Sticks to Snakes               Transmutation                2
   c - Spider Form                    Transmutation/Poison         3
   d - Ice Form                       Ice/Transmutation            4
   e - Blade Hands                    Transmutation                5
 v - a book of Misfortune

   Spells                             Type                      Level
   a - Confusing Touch                Hexes                        1
   b - Confuse                        Hexes                        3
   c - Gell's Gravitas                Translocation                3
   d - Petrify                        Transmutation/Earth          4
   e - Metabolic Englaciation         Hexes/Ice                    5
   f - Yara's Violent Unravelling     Hexes/Transmutation          5
Comestibles
 d - 7 rations


   Skills:
 + Level 2.9 Fighting
 * Level 3.5 Dodging
 + Level 4.0 Stealth
 + Level 3.9 Unarmed Combat
 * Level 4.0 Spellcasting
 * Level 4.1 Transmutations
 + Level 3.0 Poison Magic


You had 7 spell levels left.
You knew the following spells:

 Your Spells              Type           Power        Failure   Level  Hunger
a - Beastly Appendage     Tmut           ####..       1%          1    None
b - Spider Form           Tmut/Pois      ####......   1%          3    ###....
c - Confuse               Hex            ##......     5%          3    ###....


Dungeon Overview and Level Annotations

Branches:
Dungeon (4/15)
 Temple: D:4-7

Altars:

Shops:
D:4 *


Innate Abilities, Weirdness & Mutations

You cannot wear boots.
Your serpentine skin is tough. (AC +2)
You have supernaturally acute eyesight. (SInv)
Armour fits poorly on your strangely shaped body.
Your system is resistant to poisons. (rPois)
You cover ground very slowly.
You have a slow metabolism.
You can spit poison.


Message History

Aim: an orc, wielding a hand axe You throw a stone.
You feel sick. The killer bee stings you.
* * * LOW HITPOINT WARNING * * *
The killer bee barely misses you.
You're too confused!
You're too confused to cast spells.
You bump into the rock wall.
You feel less invigorated.
You feel less confused.
You feel sick. The killer bee closely misses you. The killer bee stings you.
* * * LOW HITPOINT WARNING * * *
You are lethally poisoned!
The killer bee poisons you!
* * * LOW HITPOINT WARNING * * *
You feel very sick. The killer bee stings you!
* * * LOW HITPOINT WARNING * * *
The killer bee closely misses you.
* * * LOW HITPOINT WARNING * * *
You feel sick. The killer bee closely misses you. The killer bee stings you.
You die...

#.. #..# ####### #..
#..###.....# #.. #..#.......###
#.. ##............##
...##..##### ##...............
.......)...#####..#..........#..
##...###[...o(...###.........##.
#. #######yy## #.........#..
##@## ##........... #..#
##.......... #..# ##........#
#..# ##......## #..# ##.....##
#..# ##.....## # ##.## ##.....##
## #..###....### ##. #..##....##
#..


You could see 2 killer bees and an orc.

Vanquished Creatures
  Grinder (D:3)
  A phantom (D:4)
  A scorpion (D:4)
  4 killer bees (D:4)
  A hound (D:4)
  An iguana (D:4)
  A worker ant (D:4)
  4 gnolls (D:3)
  7 adders
  2 oozes
  3 worms
  3 dart slugs
  8 orcs
  5 bats
  5 giant cockroaches
  8 goblins
  9 hobgoblins
  A jackal (D:1)
  9 kobolds
  3 quokkas
  2 ball pythons (D:2)
  2 ball python skeletons (D:4)
  3 frilled lizards
  A jackal skeleton (D:4)
  4 rats
89 creatures vanquished.

Notes
Turn   | Place    | Note
-------+----------+-------------------------------------------
     0 | D:1      | roguesci the Naga Transmuter began the quest for the Orb.
     0 | D:1      | Reached XP level 1. HP: 18/18 MP: 3/3
   210 | D:1      | Reached XP level 2. HP: 17/25 MP: 3/5
   346 | D:1      | Reached skill level 1 in Stealth
   936 | D:1      | Reached XP level 3. HP: 32/32 MP: 4/6
   941 | D:1      | Learned a level 3 spell: Spider Form
  1604 | D:2      | Reached XP level 4. HP: 35/39 MP: 2/7
  1725 | D:2      | Found a faded altar of an unknown god.
  2293 | D:2      | Reached skill level 1 in Poison Magic
  2597 | D:3      | Reached XP level 5. HP: 32/45 MP: 2/9
  2998 | D:3      | Learned a level 3 spell: Confuse
  3711 | D:3      | Noticed Grinder
  3711 | D:3      | Paralysed by Grinder for 6 turns
  3896 | D:3      | Killed Grinder
  3896 | D:3      | Reached XP level 6. HP: 23/55 MP: 1/11
  4254 | D:4      | Found Rosamn's General Store.
  4259 | D:4      | Bought a potion of heal wounds for 70 gold pieces
  4319 | D:4      | Reached XP level 7. HP: 61/61 MP: 9/12
  4909 | D:4      | HP: 2/61 [poisoned by a killer bee]
  4909 | D:4      | Slain by a killer bee

Skill      XL: |  1  2  3  4  5  6  7 |
---------------+----------------------+-----
Stealth        | 1 2 3 4 |  4.0
Dodging        | 2 3 |  3.5
Poison Magic   | 1 2 3 |  3.0
Fighting       | 2 |  2.9
Spellcasting   | 3 4 |  4.0
Transmutations | 3 4 |  4.1
Unarmed Combat | |  3.9

Action                   |  1- 3 |  4- 6 |  7- 9 || total
-------------------------+-------+-------+-------++-------
Melee: Unarmed           |    73 |    79 |    59 ||   211
       Headbutt          |     4 |       |       ||     4
       Dagger            |    16 |    31 |       ||    47
       Whip              |       |    40 |    13 ||    53
Throw: Stone             |       |       |     1 ||     1
 Cast: Beastly Appendage |     6 |       |       ||     6
       Spider Form       |     5 |    18 |     6 ||    29
       Confuse           |       |     1 |       ||     1
 Abil: Spit Poison       |     8 |     1 |       ||     9
  Use: Potion            |       |     5 |     4 ||     9
       Scroll            |       |     2 |       ||     2
 Stab: Sleeping          |       |     6 |     2 ||     8
  Eat: Chunk             |     1 |     6 |       ||     7
       Ration            |     1 |     1 |       ||     2
Armor: Robe              |     4 |    10 |     4 ||    18
       Skin              |     2 |    13 |     4 ||    19
Dodge: Dodged            |    54 |    97 |    85 ||   236
